AoeStats
← Propofol

Oasis

508213058Analyzed
3v3 RM · 12d ago on Sep 21, 2026· 31m 5s· 6 players
Game mode
Random Map
Map size
Normal (6 player)
Population
200
Speed
Normal
Resources
Standard
Victory
Conquest
Starting age
Dark Age
Ending age
Imperial Age
RankedLock teamsTeams togetherTeam positionsShared explorationLock speedFull tech treeHidden civsTurbo modeCheats
Victory
Defeat
🇮🇳 Turks · India
898
+10
🇹🇷 Hindustanis · Türkiye
861
+11
🇧🇷 Huns · Brazil
832
+13
🇨🇳 Byzantines · China
791
-31
🇨🇳 Goths · China
759
-13
🇨🇳 Cumans · China
724
-10
Propofol
0:28 Loom
0:48 Loom
12:19 Feudal Age
18:24 Castle Age
17:25 Bloodlines
19:15 Husbandry
30:54 Imperial Age
mrsoysal
0:32 Loom
9:48 Feudal Age
20:58 Castle Age
23:38 Double-Bit Axe
23:38 Horse Collar
28:51 Town Watch
30:57 Fortified Wall
31:08 Ballistics
Owen Knight
9:30 Loom
14:39 Feudal Age
16:24 Double-Bit Axe
18:52 Castle Age
23:52 Imperial Age
Jǎn Yánzhī
11:45 Feudal Age
12:26 Horse Collar
12:34 Double-Bit Axe
12:32 Man-at-Arms
16:23 Wheelbarrow
17:41 Scale Mail Armor
22:48 Arson
29:22 Castle Age
小王睡不着
1:34 Loom
11:09 Feudal Age
12:47 Loom
13:33 Double-Bit Axe
15:42 Man-at-Arms
21:51 Horse Collar
24:24 Castle Age
26:51 Squires
27:29 Heavy Plow
27:55 Pikeman
29:32 Gold Mining
LENS CLEANING
12:08 Feudal Age
14:15 Double-Bit Axe
17:32 Horse Collar
23:01 Castle Age
23:47 Heavy Plow
29:28 Scale Barding Armor
29:34 Forging
Connection lost

Rejoining the realm…

Still unreachable

The connection could not be restored.

Session expired

The server has moved on; the page needs a fresh start.